 Dungeon Crawl Stone Soup version 0.27-a0-1612-gde56a17b89 (webtiles) character file.

Game seed: 12270648419031261064

61 Sin92 the Skirmisher (level 3, -3/29 HPs)
             Began as a Demonspawn Fighter on July 22, 2021.
             Slain by a worm (5 damage)
             ... on level 1 of the Dungeon.
             The game lasted 00:01:21 (1092 turns).

Sin92 the Skirmisher (Demonspawn Fighter)           Turns: 1092, Time: 00:01:21

Health: -3/29      AC:  6    Str: 17    XL:     3   Next: 83%
Magic:  3/3        EV:  7    Int:  9    God:
Gold:   121        SH:  9    Dex: 12    Spells: 2/2 levels left

rFire    + . .     SeeInvis .   a - +0 war axe
rCold    + . .     Faith    .   c - +0 kite shield
rNeg     . . .     Spirit   .   b - +0 scale mail
rPois    +         Reflect  .   (no helmet)
rElec    +         Harm     .   (no cloak)
rCorr    +         Rampage  .   (no gloves)
Will     .....                  (no boots)
Stlth    ..........             (no amulet)
HPRegen  0.09/turn              (no ring)
MPRegen  0.08/turn              (no ring)

@: resistant
A: hooves 1
a: no special abilities


You were on level 1 of the Dungeon.
You visited 1 branch of the dungeon, and saw 2 of its levels.

You collected 121 gold pieces.

Inventory:

Hand Weapons
 a - a +0 war axe (weapon)
Armour
 b - a +0 scale mail (worn)
 c - a +0 kite shield (worn)
Scrolls
 f - a scroll of teleportation {unknown}
Potions
 d - a potion of might


   Skills:
 + Level 3.3 Fighting
 * Level 2.6 Axes
 + Level 3.0 Armour
 + Level 1.0 Dodging
 + Level 3.0 Shields


You had 2 spell levels left.
You didn't know any spells.
Your spell library was empty.

Dungeon Overview and Level Annotations

Branches:
Dungeon (2/15)

Altars:


Innate Abilities, Weirdness & Mutations

You have large cloven feet.


Message History

Your Dodging skill increases to level 1!
Unknown command.
There are monsters nearby!
You miss the goblin. You kick the goblin.
You kill the goblin!
You closely miss the goblin. You block the goblin's attack.
The goblin hits you with a +0 dagger. The hobgoblin completely misses you.
Unknown command.
There are monsters nearby!
You barely miss the hobgoblin. You barely miss the goblin.
The goblin barely misses you. The hobgoblin hits you.
Unknown command.
There are monsters nearby!
You hit the hobgoblin.
You kill the hobgoblin!
You hit the goblin.
You kill the goblin!
The hobgoblin hits you.
Unknown command.
There are monsters nearby!
You slash the worm!
The worm is heavily wounded.
You barely miss the hobgoblin. You block the hobgoblin's attack.
The worm bites you!
* * * LOW HITPOINT WARNING * * *
The hobgoblin hits you.
* * * LOW HITPOINT WARNING * * *
Unknown command.
There are monsters nearby!
You are too injured to fight recklessly!
Unknown command.
There are monsters nearby!
You are too injured to fight recklessly!
You block the hobgoblin's attack.
You climb upwards.
There is a stone staircase leading down here.
It was a potion of resistance.
You feel protected. The worm bites you.
You die...

### ######## ##.####......# #
#........#.#.# ##
#..#.......#.#############.
#.........@g...............
#........#w#.##########.##.
###........#.#..........#....
#..........#.#...............
#.....................)......
#......#.....................
#......#...######.........##'
#...............##......#.##.
##.###....#..##(###)....#.##.


You could see a worm and a hobgoblin (strong).

Vanquished Creatures
  Robin (D:2)
  3 endoplasms (D:1)
  A giant cockroach (D:1)
  8 goblins
  4 hobgoblins
  4 jackals (D:1)
  2 quokkas (D:1)
  6 ball pythons (D:1)
  4 bats (D:1)
  4 kobolds (D:1)
  8 rats (D:1)
45 creatures vanquished.

Notes
Turn   | Place    | Note
-------+----------+-------------------------------------------
     0 | D:1      | Sin92 the Demonspawn Fighter began the quest for the Orb.
     0 | D:1      | Reached XP level 1. HP: 18/18 MP: 1/1
   168 | D:1      | Gained mutation: You have large cloven feet. [demonic
                  | ancestry]
   168 | D:1      | Reached XP level 2. HP: 16/24 MP: 2/2
   636 | D:1      | Reached XP level 3. HP: 29/29 MP: 3/3
  1079 | D:2      | Noticed Robin
  1085 | D:2      | Killed Robin
  1086 | D:2      | Reached skill level 1 in Dodging
  1092 | D:1      | Slain by a worm

Illustrated notes

Levels and vault maps discovered:
D:1:      scummos_arrival_forest, layout_basic, minmay_cut_off
D:2:      layout_loops_ring, serial_forest, infiniplex_forest_lined_2,
          infiniplex_forest_lined_2, infiniplex_forest_corner_1,
          infiniplex_forest_lined_4_way, infiniplex_forest_lined_3_way,
          infiniplex_forest_clump_diagonal,
          shapermc_ecumenical_altar_mp_ritualfount, serial_shops,
          nicolae_shop_trees, uniq_natasha, uniq_robin

Skill      XL: |  1  2  3 |
---------------+----------+-----
Axes           | 2 |  2.6
Shields        | 3 |  3.0
Armour         | 3 |  3.0
Dodging        | 1 |  1.0
Fighting       | |  3.3

Action                   || total
-------------------------++-------
Melee: War axe           ||    96
       Kick              ||    16
  Use: Potion            ||     1
Armor: Scale mail        ||    72
Dodge: Dodged            ||    50
Block: Kite shield       ||    80

Table legend: (Time is in decaauts)
 A = Elapsed time spent in this place.
 B = Non-inter-level travel time spent in this place.
 C = Inter-level travel time spent in this place.
 D = Time resting spent in this place.
 E = Time spent auto-exploring this place.
 F = Levels seen in this place.
 G = Mean time per level.
                   A        B        C        D        E       F      G
               +--------+--------+--------+--------+--------+-----+--------+
         Total |   1153 |   1144 |      9 |    152 |    751 |   2 |  576.5 |
       Dungeon |   1153 |   1144 |      9 |    152 |    751 |   2 |  576.5 |
               +--------+--------+--------+--------+--------+-----+--------+

Top non-repeatable levels by time:
     D:1: 1135 daAuts
     D:2: 17 daAuts
